Map: Newkirk Precinct TE (Void)

Players

Jason - Winner!

  • Race: Terran Terran
  • League: Grandmaster
  • Spawn Location: 5:00

TheGiantNome

  • Race: Zerg Zerg
  • League: Grandmaster
  • Spawn Location: 7:00

VOD

Have the link to the VOD?

Description

Jason's GasFirstReaperFE
Reactor on rax is kept for 5-6 marines,
Factory makes WM then tech lab
Swap rax 1 on factory, stimpack, make two rax, one on factory
Pretty early 3rd CC (4:00ish)
Jason makes a medivac and a liberator he uses in sinergy for special harrass

---

Pros:allows to defend early all-ins with the marines and widow mine. Gives a nice and early 3rd CC.
Cons: less powerful early game aggression than 2-1-1.

Time

  • Played on: April 12, 2017, 7:15 p.m.
  • Length: 10:00
Show
View Real Time Build Order
Export as new Build Order

Jason Terran - Winner!

Build Orders: Reaper Expand, MMM Bio 

Get SALT Encoding   

  12  0:01  SCV  
  13  0:13  SCV  
  14  0:18  Supply Depot  
  14  0:25  SCV  
  15  0:29  Refinery  
  15  0:45  Barracks  
  15  0:47  SCV  
  16  0:59  SCV  
  17  1:13  SCV  
  18  1:25  SCV  
  19  1:34  Reaper  
  19  1:37  Orbital Command  
  20  1:49  Command Center  
  20  2:02  Factory  
  20  2:03  SCV  
  21  2:10  Barracks Reactor  
  21  2:15  SCV  
  21  2:16  Supply Depot  
  22  2:27  Refinery  
  22  2:28  SCV  
  23  2:41  SCV  
  24  2:48  Widow Mine  
  24  2:51  Marine x2  
  28  2:55  Starport  
  28  2:58  SCV  
  29  3:00  Orbital Command  
  29  3:09  Marine  
  29  3:10  Marine  
  29  3:12  SCV  
  32  3:25  SCV  
  33  3:27  SCV  
  33  3:30  Factory Tech Lab  
  33  3:31  Marine x2  
  33  3:33  Medivac  
  39  3:41  SCV x2  
  39  3:43  Supply Depot  
  39  3:57  SCV x2  
  39  3:58  Command Center  
  41  4:07  Barracks x2  
  41  4:09  SCV  
  42  4:10  SCV  
  42  4:15  Liberator  
  42  4:16  Factory Reactor  
  43  4:19  Marine  
  43  4:21  SCV  
  45  4:30  Stimpack, Starport Reactor  
  45  4:32  SCV  
  45  4:34  Supply Depot  
  45  4:35  SCV  
  50  4:42  Marine  
  50  4:44  SCV  
  52  4:49  Refinery  
  52  4:50  Refinery, SCV  
  53  4:56  Marine x2, SCV  
  56  5:02  Factory Reactor, SCV  
  56  5:05  Marine x2  
  56  5:06  Marine  
  60  5:09  SCV  
  60  5:11  Supply Depot  
  60  5:12  Orbital Command  
  61  5:14  SCV  
  61  5:17  Starport Reactor  
  61  5:21  SCV  
  63  5:26  SCV  
  64  5:29  Marine x3  
  64  5:30  Marine x2  
  64  5:33  Engineering Bay x2  
  69  5:37  SCV  
  69  5:38  SCV  
  69  5:39  Supply Depot  
  71  5:44  Widow Mine  
  71  5:45  Widow Mine  
  75  5:55  Marine  
  75  5:56  Marine x4  
  76  5:57  SCV  
  76  6:00  SCV  
  76  6:01  Terran Infantry Weapons Level 1  
  76  6:02  Terran Infantry Armor Level 1  
  78  6:04  Orbital Command  
  78  6:08  Medivac  
  78  6:09  Medivac  
  82  6:12  SCV  
  82  6:13  Marine x2  
  82  6:14  Marine x2  
  87  6:21  Marine  
  88  6:27  SCV  
  88  6:30  Widow Mine x2  
  93  6:34  Barracks x2  
  93  6:36  Marine, Supply Depot  
  93  6:39  Marine, Supply Depot  
  93  6:40  SCV x2  
  93  6:53  Armory  
  93  6:57  Medivac x2, Marine x3, SCV  
  93  7:01  SCV  
  102  7:02  Marine x2  
  102  7:06  Combat Shields, SCV  
  105  7:09  SCV  
  105  7:10  Supply Depot, Barracks  
  105  7:11  Barracks  
  105  7:12  Supply Depot  
  105  7:15  Barracks  
  106  7:16  Marine x2  
  106  7:21  SCV  
  109  7:24  Barracks Tech Lab  
  109  7:25  Barracks Reactor  
  109  7:26  Marine x2  
  92  7:41  Marine x3  
  92  7:42  Medivac x2, Widow Mine x2  
  92  7:44  Marine x2, SCV  
  100  7:45  SCV  
  100  7:46  SCV  
  105  7:52  Marine  
  105  7:56  SCV  
  105  7:57  Supply Depot  
  107  7:59  Marine x2  
  107  8:01  Barracks Tech Lab x2  
  107  8:03  Barracks Reactor  
  109  8:06  Marine x2  
  109  8:07  Marine  
  109  8:10  Marine x2  
  109  8:11  Marauder  
  117  8:12  SCV  
  117  8:13  SCV  
  117  8:15  Widow Mine  
  117  8:16  Widow Mine, Marine  
  123  8:22  Marine x2  
  125  8:28  Marine  
  125  8:29  Marauder  
  128  8:37  Marine, Marauder  
  114  8:50  Marine  
  114  8:52  Marine  
  114  8:53  Marine, Marauder  
  114  8:54  Widow Mine x2  
  114  8:55  Marine  
  123  8:56  Marine x2, Marauder  
  123  8:57  Marine  
  123  9:00  Supply Depot  
  123  9:01  Marine, Supply Depot  
  123  9:02  Marine, Supply Depot  
  128  9:03  Command Center, Supply Depot  
  128  9:05  Marine  
  128  9:08  Marine  
  128  9:09  SCV  
  131  9:10  Marine  
  131  9:12  Marine  
  133  9:21  Marine x2  
  133  9:22  Marine, Marauder  
  133  9:23  Widow Mine  
  140  9:24  Marine x2  
  140  9:25  Marauder  
  140  9:30  Marine  
  141  9:37  Marine x2, Marauder  
  141  9:38  Marine  
  139  9:39  Marine  
Show
View Real Time Build Order
Export as new Build Order

TheGiantNome Zerg 

Build Orders: Hatch First 

Get SALT Encoding   

  12  0:01  Drone  
  13  0:13  Overlord  
  13  0:18  Drone  
  14  0:31  Drone x2  
  17  0:35  Drone  
  17  0:55  Hatchery  
  16  0:57  Drone  
  16  0:59  Drone  
  18  1:11  Extractor  
  18  1:15  Spawning Pool  
  18  1:18  Drone  
  17  1:21  Drone  
  18  1:33  Drone  
  18  1:39  Overlord  
  19  1:50  Drone  
  20  2:01  Queen  
  20  2:03  Zergling x2  
  20  2:07  Queen  
  25  2:08  Drone  
  25  2:12  Metabolic Boost  
  26  2:16  Zergling x2  
  26  2:20  Drone  
  28  2:24  Drone  
  28  2:29  Drone  
  30  2:40  Queen  
  30  2:42  Overlord  
  32  2:48  Drone x2  
  32  2:49  Pneumatized Carapace  
  34  2:56  Drone x2  
  36  3:01  Overlord  
  36  3:09  Drone  
  37  3:19  Queen  
  39  3:20  Drone x5  
  39  3:25  Overlord  
  44  3:38  Hatchery  
  43  3:47  Drone x4  
  47  3:55  Queen  
  45  3:56  Queen  
  49  4:05  Evolution Chamber  
  49  4:08  Evolution Chamber  
  47  4:18  Drone x2  
  47  4:19  Drone x6  
  55  4:27  Overlord x2  
  55  4:44  Zerg Melee Weapons Level 1, Zerg Ground Armor Level 1  
  55  4:48  Zergling x12  
  61  4:53  Zergling x4  
  61  4:55  Spore Crawler  
  61  4:56  Spore Crawler  
  61  5:02  Zergling x6  
  61  5:05  Queen  
  66  5:09  Queen  
  66  5:10  Queen  
  70  5:26  Drone x4  
  70  5:28  Overlord x2  
  72  5:56  Zergling x16  
  75  6:00  Drone  
  73  6:09  Queen  
  75  6:17  Drone x3  
  75  6:26  Drone x3  
  73  6:33  Drone x3  
  73  6:47  Queen  
  73  6:48  Drone x2, Hatchery  
  73  6:49  Drone  
  77  6:57  Hatchery  
  77  6:59  Drone  
  77  7:00  Drone x2  
  79  7:06  Zergling x12  
  85  7:14  Zergling x10, Baneling Nest  
  89  7:24  Overlord x2  
  89  7:26  Queen x2  
  86  7:33  Zergling x8  
  79  7:38  Zergling x6  
  82  7:50  Extractor  
  81  7:51  Extractor  
  81  7:52  Extractor  
  81  7:53  Extractor  
  81  7:55  Extractor  
  81  7:57  Zergling x12  
  81  7:58  Zergling x6, Hatchery  
  86  8:04  Queen, Lair  
  87  8:05  Drone  
  87  8:06  Drone x2  
  87  8:07  Drone  
  87  8:12  Queen  
  91  8:15  Zergling x8  
  91  8:16  Zergling x2  
  98  8:27  Zergling x16  
  98  8:28  Baneling  
  98  8:29  Baneling x4  
  98  8:30  Baneling x5  
  94  8:43  Zergling x8  
  94  8:44  Zergling x14  
  93  8:51  Zergling x6  
  91  9:01  Drone x2  
  91  9:02  Drone x3  
  96  9:03  Drone x4  
  96  9:05  Drone  
  96  9:09  Baneling x4  
  94  9:10  Drone  
  94  9:12  Queen, Baneling  
  94  9:13  Baneling x4  
  97  9:23  Zergling x16  
  94  9:35  Zergling x6  
  94  9:36  Zergling x28  
Tags
 
Add a new tag
Caveats
  • Supply blocks, unpowered buildings, or Contaminate may cause inaccurate times.
  • Supply counts are checked every 10 seconds.